 Dungeon Crawl Stone Soup version 0.30-a0-1-g69b7b797bf (webtiles) character file.

Game seed: 2826955935741564686

95 Nedwor the Slasher (level 4, -1/34 HPs)
             Began as a Demonspawn Gladiator on Aug 19, 2022.
             Slain by Pikel
             ... wielding a +1 whip of freezing
              (7 damage)
             ... on level 3 of the Dungeon.
             The game lasted 00:05:29 (3020 turns).

Nedwor the Slasher (Demonspawn Gladiator)           Turns: 3020, Time: 00:05:30

Health: -1/34      AC: 11    Str: 16    XL:     4   Next: 39%
Magic:  4/4        EV:  5    Int: 10    God:
Gold:   150        SH:  8    Dex: 14    Spells: 3/3 levels left

rFire   + . .      SeeInvis .    a - +0 long sword
rCold   . . .      Faith    .    g - +0 buckler
rNeg    . . .      Spirit   .    w - +0 plate armour
rPois   .          Reflect  .    c - +0 helmet
rElec   .          Harm     .    (no cloak)
rCorr   .          Rampage  .    (no gloves)
Will    .....                    (no boots)
Stlth   ..........               j - amulet of regeneration
HPRegen 0.91/turn                o - ring of protection from fire
MPRegen 0.18/turn                (no ring)

@: studying Dodging
A: large bone plates 1, magic regeneration
a: no special abilities


You were on level 3 of the Dungeon.
You visited 1 branch of the dungeon, and saw 4 of its levels.

You collected 150 gold pieces.

Inventory:

Hand Weapons
 a - a +0 long sword (weapon)
Armour
 c - a +0 helmet (worn)
 g - a +0 buckler (worn)
 w - a +0 plate armour (worn)
Jewellery
 i - a ring of protection from fire
 j - an amulet of regeneration (around neck)
 o - a ring of protection from fire (left hand)
Wands
 u - a wand of quicksilver (10)
Scrolls
 b - a scroll of blinking {unknown}
 d - a scroll of teleportation {unknown}
 f - 2 scrolls of identify
 h - a scroll of amnesia {unknown}
 n - a scroll of noise {unknown}
 r - a scroll of poison {unknown}
 s - a scroll of enchant armour {unknown}
 x - a scroll of enchant weapon {unknown}
 y - a scroll of fear {unknown}
Potions
 k - a potion of mutation {unknown}
 l - 4 potions of degeneration
 m - a potion of berserk rage {unknown}
 p - a potion of heal wounds {unknown}
 q - 2 potions of invisibility
 t - 3 potions of attraction {unknown}
 v - 3 potions of brilliance {unknown}


   Skills:
 + Level 2.6 Fighting
 * Level 3.5 Long Blades
 - Level 1.7 Throwing
 + Level 1.3 Armour
 + Level 3.2 Dodging
 + Level 1.0 Shields


You had 3 spell levels left.
You didn't know any spells.
Your spell library was empty.

Dungeon Overview and Level Annotations

Branches:
Dungeon (4/15)
 Temple: D:4-7

Altars:
Okawaru
Trog
Xom

Annotations:
D:3 Pikel


Innate Abilities, Weirdness & Mutations

You are partially covered in large bone plates. (SH +4)
You regenerate magic rapidly.


Message History

You barely miss Pikel.
Pikel is severely wounded.
Pikel says, "Time is money, and you're costing me too much!"
You block Pikel's attack.
You hit Pikel but do no damage.
Pikel is severely wounded.
Pikel says, "You'll feel the lick of my whip!"
You block Pikel's attack.
You completely miss Pikel.
Pikel is severely wounded.
You block Pikel's attack.
Pikel hits you with a +1 whip of freezing.
Pikel freezes you.
You closely miss Pikel.
Pikel is severely wounded.
Pikel hits you with a +1 whip of freezing.
Pikel freezes you.
* * * LOW HITPOINT WARNING * * *
You hit Pikel.
Pikel is severely wounded.
Pikel hits you with a +1 whip of freezing.
* * * LOW HITPOINT WARNING * * *
Pikel freezes you.
* * * LOW HITPOINT WARNING * * *
You slash Pikel!
Pikel is almost dead.
Pikel closely misses you.
Unknown command.
You barely miss Pikel.
Pikel is almost dead.
Pikel says, "You'll make a fine lemure."
You block Pikel's attack.
Pikel hits you with a +1 whip of freezing.
* * * LOW HITPOINT WARNING * * *
Pikel freezes you.
* * * LOW HITPOINT WARNING * * *
You closely miss Pikel.
Pikel is almost dead.
Pikel hits you with a +1 whip of freezing!
You die...

..........# #.#.#
..###.#.#####.#.#
..............#.#
..#####...###.#.################
..# #........................#
..# #....####.############.###
### #.........# #.#
###...############# #.#
##.>...K@.......# #.#
#######################.# #.#
........................# #.#
######.........########## #.#
...............# #.#
######.........# #.#
...............#############.#
#............................#
#.####.........###############


You could see Pikel.

Vanquished Creatures
  3 adders
  A white imp (D:3)
  A worm (D:3)
  3 dart slugs
  3 endoplasms (D:1)
  A giant cockroach (D:2)
  A goblin (D:2)
  4 hobgoblins
  8 jackals
  3 kobolds
  4 quokkas
  5 bats
  6 frilled lizards
  9 rats
52 creatures vanquished.

Vanquished Creatures (others)
  An angel (D:3)
  A quokka (D:3)
2 creatures vanquished.

Grand Total: 54 creatures vanquished

Notes
Turn   | Place    | Note
-------+----------+-------------------------------------------
     0 | D:1      | Nedwor the Demonspawn Gladiator began the quest for the
                  | Orb.
     0 | D:1      | Reached XP level 1. HP: 16/16 MP: 1/1
   152 | D:1      | Gained mutation: You are partially covered in large bone
                  | plates. (SH +4) [demonic ancestry]
   152 | D:1      | Reached XP level 2. HP: 17/22 MP: 2/2
   406 | D:1      | Found a faded altar of an unknown god.
   930 | D:2      | Reached XP level 3. HP: 15/28 MP: 3/3
  1110 | D:2      | Reached skill level 1 in Armour
  1679 | D:2      | Identified a scroll of acquirement
  1679 | D:2      | Acquired a manual of Dodging
  2180 | D:3      | Gained mutation: You regenerate magic rapidly. [demonic
                  | ancestry]
  2180 | D:3      | Reached XP level 4. HP: 33/34 MP: 4/4
  2330 | D:3      | Found an iron altar of Okawaru.
  2535 | D:3      | Reached skill level 1 in Shields
  2661 | D:3      | Killed an angel
  2718 | D:3      | Found a shimmering altar of Xom.
  2783 | D:3      | Found a bloodstained altar of Trog.
  2961 | D:4      | Noticed a lemure
  2961 | D:4      | Noticed Pikel
  2962 | D:4      | Noticed a lemure
  2965 | D:4      | Noticed a lemure
  2965 | D:4      | Noticed a lemure
  3020 | D:3      | Slain by Pikel

Illustrated notes

Levels and vault maps discovered:
D:1:      minmay_arrival_glassed_features, layout_loops_ring,
          shapermc_ecumenical_altar_mp_vishouse
D:2:      layout_basic
D:3:      layout_basic, okawaru_trees_1,
          grunt_temple_overflow_order_and_chaos_1, trog_book,
          minmay_crystal_room, grunt_ministairs_10
D:4:      layout_basic, mainiacjoe_overflow_alcove_4,
          yredelemnul_forgotten_temple_becter, fountainhead, uniq_pikel

Skill      XL: |  1  2  3  4 |
---------------+-------------+-----
Long Blades    | 3 |  3.5
Armour         | 1 |  1.3
Dodging        | 3 |  3.2
Shields        | 1 |  1.0
Fighting       | |  2.6
Throwing       | |  1.7

Action                   |  1- 3 |  4- 6 || total
-------------------------+-------+-------++-------
Melee: Long sword        |   126 |    93 ||   219
  Use: Scroll            |     2 |       ||     2
       Potion            |       |     1 ||     1
 Stab: Sleeping          |     1 |       ||     1
Armor: Leather armour    |    26 |       ||    26
       Ring mail         |    13 |     1 ||    14
       Plate armour      |       |    36 ||    36
Dodge: Dodged            |    70 |    28 ||    98
Block: Buckler           |    49 |    49 ||    98

Table legend: (Time is in decaauts)
 A = Elapsed time spent in this place.
 B = Non-inter-level travel time spent in this place.
 C = Inter-level travel time spent in this place.
 D = Time resting spent in this place.
 E = Time spent auto-exploring this place.
 F = Levels seen in this place.
 G = Mean time per level.
                   A        B        C        D        E       F      G
               +--------+--------+--------+--------+--------+-----+--------+
         Total |   3081 |   2982 |     99 |      0 |   2445 |   4 |  770.2 |
       Dungeon |   3081 |   2982 |     99 |      0 |   2445 |   4 |  770.2 |
               +--------+--------+--------+--------+--------+-----+--------+

Top non-repeatable levels by time:
     D:2: 1241 daAuts
     D:1: 923 daAuts
     D:3: 858 daAuts
     D:4: 57 daAuts
